 Dungeon Crawl Stone Soup version 0.31-a0-1237-gabc64e778c (webtiles) character file.

Game seed: 14833495794349223540

88 Curundu the Trooper (level 4, -2/41 HPs)
             Began as a Minotaur Berserker on Dec 15, 2023.
             Was a Believer of Trog.
             Slain by a gnoll
             ... wielding a +0 whip
              (7 damage)
             ... on level 2 of the Dungeon.
             The game lasted 00:06:34 (1483 turns).

Curundu the Trooper (Minotaur Berserker)            Turns: 1483, Time: 00:06:35

Health: -2/41      AC:  2    Str: 24    XL:     4   Next: 30%
Magic:  3/3        EV: 12    Int:  4    God:    Trog [**....]
Gold:   61         SH:  0    Dex:  9    Spells: 3/3 levels left

rFire   x . .        a - +0 spear
rCold   + . .        (no shield)
rNeg    . . .        b - +0 animal skin
rPois   .            (helmet restricted)
rElec   .            l - scarf {+Inv}
rCorr   .            (no gloves)
SInv    .            (no boots)
Will    .....        (no amulet)
Stlth   +            k - ring of ice
HPRegen 0.26/turn    (no ring)
MPRegen 0.08/turn

%: no passive effects
@: no status effects
A: horns 2, retaliatory headbutt
a: Renounce Religion, Evoke Invisibility, Berserk, Trog's Hand


You were on level 2 of the Dungeon.
You worshipped Trog.
Trog was pleased with you.
You visited 1 branch of the dungeon, and saw 2 of its levels.

You collected 87 gold pieces.
You spent 26 gold pieces at shops.

Inventory:

Hand Weapons
 a - a +0 spear (weapon)
Missiles
 j - 2 poisoned darts (quivered)
Armour
 b - a +0 animal skin (worn)
 l - a scarf of invisibility (worn)
Magical Staves
 g - a staff of air
Jewellery
 k - a ring of ice (left hand)
Scrolls
 c - a scroll of teleportation
 e - 2 scrolls of identify
 h - a scroll of immolation {unknown}
Potions
 d - a potion of invisibility
 f - a potion of ambrosia
 i - a potion of heal wounds {unknown}


   Skills:
 + Level 4.8 Fighting
 + Level 4.6 Polearms
 + Level 2.7 Armour
 + Level 2.9 Dodging


You had 3 spell levels left.
You didn't know any spells.
Your spell library contained the following spells:

 Spells                   Type           Power      Damage    Failure   Level
 Necrotise                Necr           0%         1d4       50%         1
 Vampiric Draining        Necr           0%         2d6       86%         3
 Agony                    Necr           0%         N/A       100%        5


Dungeon Overview and Level Annotations

Branches:
Dungeon (2/15)

Altars:

Shops:
D:1 ?=   D:2 [:(


Innate Abilities, Weirdness & Mutations

You have a pair of horns on your head.
You reflexively headbutt those who attack you in melee.


Message History

You throw a poisoned dart. The poisoned dart hits the gnoll.
The gnoll is poisoned.
Throw: 5 darts (poison)
Press: ? - help, Q - select action, (/) - cycle Shift-Dir - straight line, f/p - gnoll
Aim: a gnoll, wielding a +0 halberd (poisoned, 56% to hit)
You throw a poisoned dart. The poisoned dart hits the gnoll.
The gnoll looks even sicker.
Throw: 4 darts (poison)
Press: ? - help, Q - select action, (/) - cycle Shift-Dir - straight line, f/p - gnoll
Aim: a gnoll, wielding a +0 halberd (very poisoned, 56% to hit)
You throw a poisoned dart. The poisoned dart hits the gnoll.
The gnoll looks even sicker.
A gnoll comes into view. It is wielding a +0 whip.
Throw: 3 darts (poison)
Press: ? - help, Q - select action, (/) - cycle Shift-Dir - straight line, f/p - gnoll
Aim: a gnoll, wielding a +0 halberd (very poisoned, 56% to hit)
You throw a poisoned dart.
The poisoned dart closely misses the gnoll.
The gnoll hits you from afar with a +0 halberd!
The gnoll hits you with a +0 halberd!
The gnoll hits you from afar with a +0 halberd.
You puncture the gnoll!
You kill the gnoll!
Trog accepts your kill. The gnoll closely misses you.
You hit the gnoll. Your headbutt misses the gnoll.
The gnoll is lightly wounded.
The gnoll misses you. The gnoll closely misses you.
You closely miss the gnoll.
The gnoll is lightly wounded.
The gnoll hits you with a +0 whip.
The gnoll hits you from afar with a +0 halberd!
* * * LOW HITPOINT WARNING * * *
You hit the gnoll.
You headbutt the gnoll, but do no damage.
The gnoll is moderately wounded.
You hit the gnoll.
The gnoll is severely wounded.
The gnoll hits you with a +0 whip!
You die...

... #.# #.#
#####.#####
###.........#
#(..........#
#.g(...g....#
#g# #@# #.#
#.# ### #.#
..## #.# #..#
#.# ##.# #.#
#.# #.# #.#
#####'#####


You could see 2 gnolls.

Vanquished Creatures
  A gnoll (D:2)
  2 adders (D:2)
  2 worms (D:2)
  2 dart slugs
  3 bats
  5 endoplasms
  A giant cockroach (D:2)
  5 goblins (D:1)
  6 hobgoblins
  3 jackals (D:2)
  6 ball pythons
  2 frilled lizards (D:1)
  5 kobolds
  6 rats
49 creatures vanquished.

Notes
Turn   | Place    | Note
-------+----------+-------------------------------------------
     0 | D:1      | Curundu the Minotaur Berserker began the quest for the Orb.
     0 | D:1      | Reached XP level 1. HP: 19/19 MP: 0/0
    59 | D:1      | Found Afozyabb's Jewellery Shoppe.
   209 | D:1      | Reached XP level 2. HP: 25/27 MP: 1/1
   581 | D:1      | Found The Oracle's Delphic Readings.
   592 | D:1      | Bought a scroll of identify for 26 gold pieces
   650 | D:1      | Reached XP level 3. HP: 33/33 MP: 2/2
   912 | D:2      | Reached ** piety under Trog
  1032 | D:2      | Found Ipneuteg's Antique Weapon Shoppe.
  1093 | D:2      | Reached XP level 4. HP: 35/41 MP: 3/3
  1192 | D:2      | Found Teuquy's Antique Armour Emporium.
  1350 | D:2      | Found Qytugaet's Book Shop.
  1483 | D:2      | Slain by a gnoll

Illustrated notes

Levels and vault maps discovered:
D:1:      spicycebolla_green_bress_n_ham, layout_loops_cross, serial_shops,
          shop, st_stairs_9, nicolae_nh_oracle_at_delphi
D:2:      layout_basic, serial_shops, shop, shop, nicolae_book_shop_shelving,
          minmay_tetromino_i4

Skill      XL: |  1  2 |
---------------+-------+-----
Polearms       | 4 |  4.6
Fighting       | 4 |  4.8
Armour         | |  2.7
Dodging        | |  2.9

Action                     |  1- 3 |  4- 6 || total
---------------------------+-------+-------++-------
  Melee: Spear             |    97 |    18 ||   115
         Headbutt          |    15 |     3 ||    18
  Throw: Dart              |       |     5 ||     5
    Use: Scroll            |     3 |       ||     3
 Armour: Animal skin       |    46 |    13 ||    59
  Dodge: Dodged            |    57 |     7 ||    64

Table legend: (Time is in decaauts)
 A = Elapsed time spent in this place.
 B = Non-inter-level travel time spent in this place.
 C = Inter-level travel time spent in this place.
 D = Time resting spent in this place.
 E = Time spent auto-exploring this place.
 F = Levels seen in this place.
 G = Mean time per level.
                   A        B        C        D        E       F      G
               +--------+--------+--------+--------+--------+-----+--------+
         Total |   1470 |   1467 |      3 |      0 |   1153 |   2 |  735.0 |
       Dungeon |   1470 |   1467 |      3 |      0 |   1153 |   2 |  735.0 |
               +--------+--------+--------+--------+--------+-----+--------+

Top non-repeatable levels by time:
     D:1: 793 daAuts
     D:2: 676 daAuts
